 Dungeon Crawl Stone Soup version 0.30-a0-169-g06f667207d (webtiles) character file.

Game seed: 88069903057764028

2717 qw the Cleaver (level 9, 0/57 HPs)
             Began as a Gargoyle Fighter on Sept 29, 2022.
             Slain by a hornet zombie (9 damage)
             ... on level 7 of the Dungeon.
             The game lasted 00:02:47 (8028 turns).

qw the Cleaver (Gargoyle Fighter)                   Turns: 8028, Time: 00:02:47

Health: 0/57       AC: 15    Str: 23    XL:     9   Next: 66%
Magic:  9/9        EV:  8    Int: 10    God:
Gold:   362        SH:  4    Dex:  9    Spells: 8/8 levels left

rFire   . . .      SeeInvis .    Y - +3 war axe (venom)
rCold   . . .      Faith    .    c - +0 buckler
rNeg    + . .      Spirit   .    i - +0 chain mail
rPois   inf        Reflect  .    (no helmet)
rElec   +          Harm     .    (no cloak)
rCorr   .          Rampage  .    (no gloves)
Will    .....                    (no boots)
Stlth   ..........               (no amulet)
HPRegen 0.19/turn                (no ring)
MPRegen 0.11/turn                (no ring)

@: no status effects
A: sickness immunity, AC +6, negative energy resistance 1, electricity
resistance, torment resistance 1, petrification resistance
a: no special abilities


You were on level 7 of the Dungeon.
You visited 2 branches of the dungeon, and saw 8 of its levels.

You collected 362 gold pieces.


Innate Abilities, Weirdness & Mutations

You are immune to sickness and miasma.
Your stone body is resilient. (AC +6)
You are immune to poison.
You resist negative energy. (rN+)
You are resistant to electric shocks. (rElec)
You are resistant to unholy torment.
You are immune to petrification.


   Skills:
 - Level 7.0 Fighting
 + Level 9.7 Axes
 - Level 2.5 Throwing
 - Level 4.1 Armour
 - Level 1.5 Dodging
 - Level 4.4 Shields


You had 8 spell levels left.
You didn't know any spells.
Your spell library was empty.

Inventory:

Hand Weapons
 r - a +0 morningstar
 Y - a +3 war axe of venom (weapon)
Missiles
 m - 5 boomerangs
 q - 3 javelins (quivered)
Armour
 c - a +0 buckler (worn)
 i - a +0 chain mail (worn)
Wands
 l - a wand of digging (5)
Scrolls
 h - a scroll of enchant armour
 k - a scroll of identify
Potions
 b - 3 potions of mutation
 d - a potion of might
 e - a potion of attraction
 f - a potion of curing {unknown}
 g - a potion of degeneration {unknown}
 n - a potion of ambrosia {unknown}
 o - a potion of lignification {unknown}
 p - a potion of heal wounds {unknown}
 s - a potion of brilliance {unknown}

Dungeon Overview and Level Annotations

Branches:
Dungeon (7/15)             Temple (1/1) D:4

Altars:
Ashenzari
Cheibriados
Dithmenos
Fedhas
Gozag
Hepliaklqana
Kikubaaqudgha
Makhleb
Qazlal
Ru
Sif Muna
Trog
Uskayaw
Yredelemnul
Zin

Annotations:
D:3 2 runed translucent doors, qw's ghost, amateur GrFi
D:4 2 runed translucent doors


Message History

The gnoll hits you but does no damage.
You closely miss the gnoll.
The gnoll is heavily wounded.
Your surroundings suddenly seem different.
A killer bee zombie, a centaur zombie and a hornet zombie come into view.
Found 3 stones, a large copper ring and 6 datura-tipped darts.
Found a stone staircase leading up.
Enter note: You hit the centaur zombie.
The centaur zombie is lightly damaged.
The centaur zombie hits you but does no damage.
The centaur zombie kicks you but does no damage.
The centaur zombie hits you but does no damage.
The centaur zombie barely misses you.
You slash the centaur zombie!
The centaur zombie is heavily damaged.
You miss the killer bee zombie.
The killer bee zombie completely misses you.
The centaur zombie barely misses you.
The centaur zombie kicks you but does no damage.
You block the killer bee zombie's attack.
You slice the centaur zombie!!
You destroy the centaur zombie!
You hit the hornet zombie but do no damage.
You closely miss the killer bee zombie.
You block the killer bee zombie's attack.
The hornet zombie hits you but does no damage.
The killer bee zombie hits you but does no damage.
You slash the killer bee zombie!
The killer bee zombie is severely damaged.
You slash the hornet zombie! The killer bee zombie hits you.
The hornet zombie barely misses you.
You slash the killer bee zombie!
You destroy the killer bee zombie!
You slash the hornet zombie!
The hornet zombie hits you but does no damage. x2
You slice the hornet zombie!!
The hornet zombie is severely damaged.
The hornet zombie hits you!
You die...

# . . (# ..
#######.#...
#...........
#...........
#...@..8....
#....Z......
+.........##
#..(..#..<..
#####=#.#.##
.. # # ..
#..


You could see a hornet zombie.

Vanquished Creatures
  Grinder (D:4)
  Eustachio (D:4)
  A steam dragon (D:5)
  An orc warrior (D:6)
  2 ice beasts
  A black bear (D:5)
  An ogre (D:5)
  Blork the orc (D:5)
  2 necrophages
  2 bullfrogs (D:7)
  A gnoll sergeant (D:5)
  6 scorpions
  2 wights (D:7)
  3 bullfrog zombies (D:7)
  3 centaur zombies (D:7)
  A gnoll bouda (D:7)
  2 jellies
  2 hounds
  An orc priest (D:5)
  An iguana (D:5)
  3 orc wizards
  3 killer bee zombies (D:7)
  2 howler monkey zombies (D:7)
  7 gnolls
  10 river rats (D:5)
  8 adders
  A shadow imp (D:5)
  2 white imps
  A worm (D:2)
  A dart slug (D:4)
  22 orcs
  6 ball pythons
  10 endoplasms
  6 giant cockroaches
  8 goblins
  12 hobgoblins
  7 jackals
  11 quokkas
  3 bats (D:2)
  2 frilled lizards
  4 kobolds
  25 rats
189 creatures vanquished.

Notes
Turn   | Place    | Note
-------+----------+-------------------------------------------
     0 | D:1      | qw the Gargoyle Fighter began the quest for the Orb.
     0 | D:1      | Reached XP level 1. HP: 14/14 MP: 1/1
     0 | D:1      | 0 ||| qw: Version: 0.2-a-12-gaebbb33
     0 | D:1      | 0 ||| qw: Game counter: 1325
     0 | D:1      | 0 ||| qw: Always use a shield: true
     0 | D:1      | 0 ||| qw: God list: Okawaru
     0 | D:1      | 0 ||| qw: Allow faded altars: false
     0 | D:1      | 0 ||| qw: Do Orc after D:15 true
     0 | D:1      | 0 ||| qw: Do second Lair branch before Depths: true
     0 | D:1      | 0 ||| qw: Lair rune preference: random
     0 | D:1      | 0 ||| qw: Plans: Normal, Zot:1-4, God:TSO, Crypt, Tomb,
                  | Pan, Slime:5, Hells, Abyss, Orb
     0 | D:1      | 0 ||| PLANNING D:1-11
    19 | D:1      | Reached skill level 2 in Axes
    72 | D:1      | Reached XP level 2. HP: 19/19 MP: 2/2
   109 | D:1      | 109 ||| Stepping ~*~*~tactically~*~*~ (stealth).
   110 | D:1      | 110 ||| Stepping ~*~*~tactically~*~*~ (stealth).
   111 | D:1      | 111 ||| Stepping ~*~*~tactically~*~*~ (stealth).
   206 | D:1      | 206 ||| Stepping ~*~*~tactically~*~*~ (stealth).
   207 | D:1      | 207 ||| Stepping ~*~*~tactically~*~*~ (stealth).
   277 | D:1      | 277 ||| DROPPING +0 club.
   295 | D:1      | 295 ||| Stepping ~*~*~tactically~*~*~ (stealth).
   299 | D:1      | 299 ||| Stepping ~*~*~tactically~*~*~ (stealth).
   362 | D:1      | Reached skill level 3 in Axes
   416 | D:1      | Reached XP level 3. HP: 23/23 MP: 3/3
   913 | D:1      | 913 ||| READING scroll labelled ZAUQA ZADUF.
   914 | D:1      | 914 ||| READING scroll labelled YCLOOX EWKOSO.
   915 | D:1      | 915 ||| READING scroll labelled WICIOTYXUDU.
   957 | D:2      | Reached skill level 1 in Throwing
  1236 | D:2      | Reached XP level 4. HP: 28/28 MP: 4/4
  1250 | D:2      | 1250 ||| Stepping ~*~*~tactically~*~*~ (stealth).
  1255 | D:2      | 1255 ||| Stepping ~*~*~tactically~*~*~ (stealth).
  1295 | D:2      | 1295 ||| Stepping ~*~*~tactically~*~*~ (stealth).
  1296 | D:2      | 1296 ||| Stepping ~*~*~tactically~*~*~ (stealth).
  1307 | D:2      | 1307 ||| Stepping ~*~*~tactically~*~*~ (stealth).
  1356 | D:2      | 1356 ||| Stepping ~*~*~tactically~*~*~ (stealth).
  1627 | D:2      | Reached skill level 4 in Axes
  1748 | D:2      | 1748 ||| READING 2 scrolls labelled CURAINL PIFAUFA.
  1751 | D:2      | 1751 ||| READING scroll labelled GISAUF OMILOASCH.
  1752 | D:2      | 1752 ||| READING 3 scrolls labelled MAPOAC POOQOFE.
  1753 | D:2      | 1753 ||| READING 2 scrolls of enchant weapon.
  1753 | D:2      | 1753 ||| ENCHANTING +1 war axe.
  1754 | D:2      | 1754 ||| READING scroll of enchant weapon.
  1754 | D:2      | 1754 ||| ENCHANTING +2 war axe.
  1755 | D:2      | 1755 ||| READING scroll labelled VIOPUIMME.
  1756 | D:2      | 1756 ||| READING scroll labelled PESYAZ VURAM.
  1809 | D:3      | 1809 ||| Stepping ~*~*~tactically~*~*~ (stealth).
  1902 | D:3      | 1902 ||| DROPPING +0 whip.
  2204 | D:3      | HP: 7/28 [orc wizard/+0 dagger (3)]
  2205 | D:3      | 2205 ||| READING 2 scrolls of teleportation.
  2207 | D:3      | Reached XP level 5. HP: 9/32 MP: 5/5
  2457 | D:3      | Found a runed translucent door.
  2542 | D:3      | 2542 ||| Stepping ~*~*~tactically~*~*~ (stealth).
  2566 | D:3      | Noticed qw's ghost (amateur GrFi)
  2593 | D:3      | Found a runed translucent door.
  2657 | D:3      | Found a basalt altar of Yredelemnul.
  2951 | D:3      | 2951 ||| DROPPING ring of wizardry.
  2952 | D:3      | 2952 ||| READING 2 scrolls labelled IDGHAH JIRGHUAK.
  2953 | D:3      | 2953 ||| READING scroll of brand weapon.
  2953 | D:3      | 2953 ||| BRANDING +3 war axe of electrocution.
  2954 | D:3      | 2954 ||| READING scroll labelled XACAXE HE MYUC.
  2955 | D:3      | 2955 ||| READING scroll labelled PEADULONIE.
  2956 | D:3      | 2956 ||| READING scroll labelled MAYNITZ AZEINT.
  3053 | D:4      | Noticed Grinder
  3054 | D:4      | 3054 ||| Stepping ~*~*~tactically~*~*~ (hiding).
  3059 | D:4      | 3059 ||| Stepping ~*~*~tactically~*~*~ (hiding).
  3060 | D:4      | 3060 ||| Stepping ~*~*~tactically~*~*~ (hiding).
  3065 | D:4      | Paralysed by Grinder for 4 turns
  3073 | D:4      | Paralysed by Grinder for 4 turns
  3077 | D:4      | 3077 ||| FLEEEEING.
  3081 | D:4      | 3081 ||| FLEEEEING.
  3082 | D:4      | 3082 ||| FLEEEEING.
  3083 | D:4      | 3083 ||| FLEEEEING.
  3087 | D:4      | 3087 ||| FLEEEEING.
  3088 | D:4      | 3088 ||| FLEEEEING.
  3089 | D:4      | 3089 ||| FLEEEEING.
  3091 | D:4      | 3091 ||| STAIRDANCE
  3306 | D:4      | Paralysed by Grinder for 4 turns
  3317 | D:4      | Killed Grinder
  3318 | D:4      | Reached skill level 6 in Axes
  3318 | D:4      | Reached XP level 6. HP: 12/37 MP: 6/6
  3426 | D:4      | 3426 ||| FLEEEEING.
  3427 | D:4      | 3427 ||| FLEEEEING.
  3429 | D:4      | 3429 ||| STAIRDANCE
  3713 | D:4      | Found a staircase to the Ecumenical Temple.
  3714 | D:4      | 3714 ||| PLANNING TEMPLE
  3714 | D:4      | 3714 ||| UPGRADING to +0 chain mail.
  3724 | D:4      | 3724 ||| DROPPING +0 scale mail.
  3725 | D:4      | 3725 ||| DRINKING 2 fuming green potions.
  3735 | Temple   | Entered the Ecumenical Temple
  3735 | Temple   | Found a transporter.
  3735 | Temple   | Found a transporter.
  3737 | Temple   | Found a transporter.
  3737 | Temple   | Found a transporter.
  3747 | Temple   | 3747 ||| PLANNING D:1-11
  3844 | D:4      | Found a large runed translucent door.
  3844 | D:4      | Found a large runed translucent door.
  3974 | D:4      | 3974 ||| Stepping ~*~*~tactically~*~*~ (stealth).
  3981 | D:4      | Reached skill level 1 in Dodging
  3981 | D:4      | Reached XP level 7. HP: 37/43 MP: 7/7
  4032 | D:4      | 4032 ||| Stepping ~*~*~tactically~*~*~ (hiding).
  4070 | D:4      | Noticed Eustachio
  4085 | D:4      | Killed Eustachio
  4186 | D:4      | 4186 ||| Stepping ~*~*~tactically~*~*~ (hiding).
  4531 | D:4      | 4531 ||| READING 2 scrolls of identify.
  4531 | D:4      | 4531 ||| IDENTIFYING white potion
  4552 | D:5      | Entered Level 5 of the Dungeon
  4595 | D:5      | Reached skill level 7 in Axes
  4627 | D:5      | Noticed Blork the orc
  4635 | D:5      | Killed Blork the orc
  4725 | D:5      | Found an opulent altar of Gozag.
  4813 | D:5      | Reached XP level 8. HP: 49/49 MP: 8/8
  4847 | D:5      | 4847 ||| Stepping ~*~*~tactically~*~*~ (stealth).
  4954 | D:5      | 4954 ||| FLEEEEING.
  5154 | D:5      | HP: 12/49 [steam dragon/ball of steam (6)]
  5155 | D:5      | 5155 ||| READING scroll of teleportation.
  5159 | D:5      | 5159 ||| FLEEEEING.
  5160 | D:5      | 5160 ||| FLEEEEING.
  5161 | D:5      | 5161 ||| FLEEEEING.
  5162 | D:5      | 5162 ||| FLEEEEING.
  5163 | D:5      | 5163 ||| FLEEEEING.
  5164 | D:5      | 5164 ||| FLEEEEING.
  5165 | D:5      | 5165 ||| FLEEEEING.
  5166 | D:5      | 5166 ||| FLEEEEING.
  5167 | D:5      | 5167 ||| FLEEEEING.
  5168 | D:5      | 5168 ||| FLEEEEING.
  5169 | D:5      | 5169 ||| FLEEEEING.
  5170 | D:5      | 5170 ||| FLEEEEING.
  5171 | D:5      | 5171 ||| FLEEEEING.
  5175 | D:5      | 5175 ||| FLEEEEING.
  5176 | D:5      | 5176 ||| FLEEEEING.
  5177 | D:5      | 5177 ||| FLEEEEING.
  5178 | D:5      | 5178 ||| FLEEEEING.
  5179 | D:5      | 5179 ||| FLEEEEING.
  5180 | D:5      | 5180 ||| FLEEEEING.
  5181 | D:5      | 5181 ||| FLEEEEING.
  5182 | D:5      | 5182 ||| FLEEEEING.
  5183 | D:5      | 5183 ||| FLEEEEING.
  5184 | D:5      | 5184 ||| FLEEEEING.
  5185 | D:5      | 5185 ||| FLEEEEING.
  5186 | D:5      | 5186 ||| FLEEEEING.
  5190 | D:5      | 5190 ||| FLEEEEING.
  5191 | D:5      | 5191 ||| FLEEEEING.
  5192 | D:5      | 5192 ||| FLEEEEING.
  5193 | D:5      | 5193 ||| FLEEEEING.
  5194 | D:5      | 5194 ||| FLEEEEING.
  5442 | D:5      | 5442 ||| Stepping ~*~*~tactically~*~*~ (stealth).
  5448 | D:5      | Reached skill level 8 in Axes
  5453 | D:5      | 5453 ||| FLEEEEING.
  5454 | D:5      | 5454 ||| FLEEEEING.
  5455 | D:5      | 5455 ||| FLEEEEING.
  5456 | D:5      | 5456 ||| FLEEEEING.
  5457 | D:5      | 5457 ||| FLEEEEING.
  5458 | D:5      | 5458 ||| FLEEEEING.
  5459 | D:5      | 5459 ||| FLEEEEING.
  5460 | D:5      | 5460 ||| FLEEEEING.
  5461 | D:5      | 5461 ||| FLEEEEING.
  5462 | D:5      | 5462 ||| FLEEEEING.
  5463 | D:5      | 5463 ||| FLEEEEING.
  5464 | D:5      | 5464 ||| FLEEEEING.
  5465 | D:5      | 5465 ||| FLEEEEING.
  5466 | D:5      | 5466 ||| FLEEEEING.
  5467 | D:5      | 5467 ||| FLEEEEING.
  5468 | D:5      | 5468 ||| FLEEEEING.
  5469 | D:5      | 5469 ||| FLEEEEING.
  5470 | D:5      | 5470 ||| FLEEEEING.
  5471 | D:5      | 5471 ||| FLEEEEING.
  5472 | D:5      | 5472 ||| FLEEEEING.
  5473 | D:5      | 5473 ||| FLEEEEING.
  5474 | D:5      | 5474 ||| FLEEEEING.
  5475 | D:5      | 5475 ||| FLEEEEING.
  5476 | D:5      | 5476 ||| FLEEEEING.
  5477 | D:5      | 5477 ||| FLEEEEING.
  5478 | D:5      | 5478 ||| FLEEEEING.
  5479 | D:5      | 5479 ||| FLEEEEING.
  5480 | D:5      | 5480 ||| FLEEEEING.
  5481 | D:5      | 5481 ||| FLEEEEING.
  5482 | D:5      | 5482 ||| FLEEEEING.
  5483 | D:5      | 5483 ||| FLEEEEING.
  5484 | D:5      | 5484 ||| FLEEEEING.
  5485 | D:5      | 5485 ||| FLEEEEING.
  5486 | D:5      | 5486 ||| FLEEEEING.
  5487 | D:5      | 5487 ||| FLEEEEING.
  5488 | D:5      | 5488 ||| FLEEEEING.
  5489 | D:5      | 5489 ||| FLEEEEING.
  5490 | D:5      | 5490 ||| FLEEEEING.
  5491 | D:5      | 5491 ||| FLEEEEING.
  5492 | D:5      | 5492 ||| FLEEEEING.
  5493 | D:5      | 5493 ||| FLEEEEING.
  5494 | D:5      | 5494 ||| FLEEEEING.
  5495 | D:5      | 5495 ||| FLEEEEING.
  5496 | D:5      | 5496 ||| FLEEEEING.
  5497 | D:5      | 5497 ||| FLEEEEING.
  5498 | D:5      | 5498 ||| FLEEEEING.
  5499 | D:5      | 5499 ||| FLEEEEING.
  5500 | D:5      | 5500 ||| FLEEEEING.
  5501 | D:5      | 5501 ||| FLEEEEING.
  5502 | D:5      | 5502 ||| FLEEEEING.
  5503 | D:5      | 5503 ||| FLEEEEING.
  5504 | D:5      | 5504 ||| FLEEEEING.
  5505 | D:5      | 5505 ||| FLEEEEING.
  5506 | D:5      | 5506 ||| FLEEEEING.
  5507 | D:5      | 5507 ||| FLEEEEING.
  5508 | D:5      | 5508 ||| FLEEEEING.
  5509 | D:5      | 5509 ||| FLEEEEING.
  5510 | D:5      | 5510 ||| FLEEEEING.
  5511 | D:5      | 5511 ||| FLEEEEING.
  5512 | D:5      | 5512 ||| FLEEEEING.
  5513 | D:5      | 5513 ||| FLEEEEING.
  5514 | D:5      | 5514 ||| FLEEEEING.
  5515 | D:5      | 5515 ||| FLEEEEING.
  5516 | D:5      | 5516 ||| FLEEEEING.
  5517 | D:5      | 5517 ||| FLEEEEING.
  5518 | D:5      | 5518 ||| FLEEEEING.
  5519 | D:5      | 5519 ||| FLEEEEING.
  5520 | D:5      | 5520 ||| FLEEEEING.
  5522 | D:5      | 5522 ||| STAIRDANCE
  5585 | D:4      | 5585 ||| DROPPING ring of magical power.
  5710 | D:5      | 5710 ||| Stepping ~*~*~tactically~*~*~ (stealth).
  5712 | D:5      | 5712 ||| Stepping ~*~*~tactically~*~*~ (stealth).
  5717 | D:5      | 5717 ||| Stepping ~*~*~tactically~*~*~ (stealth).
  5730 | D:5      | 5730 ||| Stepping ~*~*~tactically~*~*~ (stealth).
  5732 | D:5      | 5732 ||| Stepping ~*~*~tactically~*~*~ (stealth).
  5735 | D:5      | 5735 ||| Stepping ~*~*~tactically~*~*~ (stealth).
  5743 | D:5      | 5743 ||| Stepping ~*~*~tactically~*~*~ (stealth).
  5752 | D:5      | 5752 ||| Stepping ~*~*~tactically~*~*~ (stealth).
  5753 | D:5      | 5753 ||| Stepping ~*~*~tactically~*~*~ (stealth).
  5757 | D:5      | 5757 ||| Stepping ~*~*~tactically~*~*~ (stealth).
  5764 | D:5      | Reached skill level 6 in Fighting
  5775 | D:5      | 5775 ||| Stepping ~*~*~tactically~*~*~ (stealth).
  5777 | D:5      | 5777 ||| Stepping ~*~*~tactically~*~*~ (stealth).
  5780 | D:5      | 5780 ||| Stepping ~*~*~tactically~*~*~ (stealth).
  5824 | D:5      | 5824 ||| Stepping ~*~*~tactically~*~*~ (stealth).
  5825 | D:5      | 5825 ||| Stepping ~*~*~tactically~*~*~ (stealth).
  5834 | D:5      | 5834 ||| Stepping ~*~*~tactically~*~*~ (stealth).
  5902 | D:5      | 5902 ||| Stepping ~*~*~tactically~*~*~ (stealth).
  6227 | D:5      | 6227 ||| READING 2 scrolls of identify.
  6227 | D:5      | 6227 ||| IDENTIFYING cyan potion
  6228 | D:5      | 6228 ||| DROPPING potion of invisibility.
  6368 | D:6      | Reached XP level 9. HP: 28/55 MP: 9/9
  6604 | D:6      | Reached skill level 9 in Axes
  6886 | D:6      | 6886 ||| Stepping ~*~*~tactically~*~*~ (hiding).
  6890 | D:6      | Found a shimmering blue altar of Sif Muna.
  6940 | D:6      | Found a bloodstained altar of Trog.
  6947 | D:6      | 6947 ||| DROPPING +0 antimagic war axe.
  7455 | D:6      | 7455 ||| DROPPING amulet of magic regeneration.
  7456 | D:6      | 7456 ||| READING 3 scrolls labelled NUTOSO RIONI.
  7457 | D:6      | 7457 ||| READING scroll labelled HYXZIOLLY RAKEIQ.
  7458 | D:6      | 7458 ||| DROPPING 2 scrolls of amnesia.
  7771 | D:7      | 7771 ||| Stepping ~*~*~tactically~*~*~ (stealth).
  7846 | D:7      | 7846 ||| DROPPING +0 flail.
  8018 | D:7      | HP: 14/57 [gnoll/+0 spear (2)]
  8019 | D:7      | 8019 ||| READING scroll of teleportation.
  8026 | D:7      | HP: 9/57 [killer bee zombie (3)]
  8028 | D:7      | Slain by a hornet zombie

Levels and vault maps discovered:
D:1:      dpeg_arrival_rooms_with_view, layout_loops_cross,
          minmay_worlds_worst_comb
D:2:      minmay_angry_zag, layout_rooms, hangedman_decor_diamond_cutter
D:3:      layout_basic, yredelemnul_altar_generic, ebering_ghost_sewer_f,
          st_stairs_1
D:4:      layout_loops_ring, jmf_multi_god_temple2,
          minmay_temple_entry_poolview, uniq_grinder, uniq_eustachio
D:5:      lemuel_ratsnest, layout_basic, kennysheep_mini_moat,
          uniq_blork_the_orc
D:6:      layout_basic, nzn_overflow_gifts_of_might_and_magic
D:7:      layout_basic, serial_undead, serial_undead_c, serial_undead_e,
          serial_undead_a, serial_undead_e, serial_undead_d, serial_undead_b,
          serial_undead_a, serial_undead_d
Temple:   hellmonk_temple_divided_pantheon

Skill      XL: |  1  2  3  4  5  6  7  8  9 |
---------------+----------------------------+-----
Axes           | 2 3 4 6 7 8 9 |  9.7
Throwing       | 1 2 |  2.5
Fighting       | 4 5 6 7 |  7.0
Dodging        | 1 |  1.5
Shields        | 4 |  4.4
Armour         | 4 |  4.1

Action                   |  1- 3 |  4- 6 |  7- 9 || total
-------------------------+-------+-------+-------++-------
Melee: War axe           |   105 |    98 |   263 ||   466
Throw: Javelin           |     7 |    27 |    33 ||    67
       Boomerang         |       |       |    38 ||    38
  Use: Scroll            |     3 |    13 |     6 ||    22
       Potion            |       |     1 |       ||     1
Armor: Scale mail        |    58 |    30 |       ||    88
       Chain mail        |       |     9 |   152 ||   161
Dodge: Dodged            |    54 |    31 |    88 ||   173
Block: Buckler           |    21 |    16 |    52 ||    89

Table legend:
 A = Non-vault XP
 B = Vault XP
 C = Vault XP percentage of total XP
 D = Non-vault monster count
 E = Vault monster count
 F = Vault count percentage of total count
                 A         B        C        D         E       F
            +---------+---------+-------+---------+---------+-------
      Total |    2281 |    1601 |  41.2 |     122 |      67 |  35.4
            +---------+---------+-------+---------+---------+-------
        D:1 |      38 |      13 |  25.5 |      23 |       7 |  23.3
        D:2 |      79 |       5 |   6.0 |      24 |       4 |  14.3
        D:3 |      70 |       4 |   5.4 |      11 |       3 |  21.4
        D:4 |     267 |     483 |  64.4 |      20 |       2 |   9.1
        D:5 |     858 |     378 |  30.6 |      22 |      36 |  62.1
        D:6 |     557 |     172 |  23.6 |      11 |       2 |  15.4
        D:7 |     412 |     546 |  57.0 |      11 |      13 |  54.2
            +---------+---------+-------+---------+---------+-------
